 Dungeon Crawl Stone Soup version 0.30-a0-986-g7f2e898f52 (webtiles) character file.

Game seed: 8503063652674810274

328 jimonade the Covered (level 6, -9/52 HPs)
             Began as a Hill Orc Fighter on Apr 1, 2023.
             Mangled by an ogre
             ... wielding a +0 giant club
              (12 damage)
             ... on level 4 of the Dungeon.
             The game lasted 00:07:01 (2214 turns).

jimonade the Covered (Hill Orc Fighter)             Turns: 2214, Time: 00:07:01

Health: -9/52      AC:  8    Str: 19    XL:     6   Next: 50%
Magic:  7/8        EV:  9    Int: 10    God:
Gold:   135        SH:  4    Dex: 10    Spells: 5/5 levels left

rFire   . . .      SeeInvis .    a - +2 dagger (venom)
rCold   . . .      Faith    .    c - +0 buckler
rNeg    . . .      Spirit   .    b - +0 scale mail
rPois   +          Reflect  .    (no helmet)
rElec   .          Rampage  .    (no cloak)
rCorr   .                        (no gloves)
Will    .....                    u - +0 pair of boots Stlth
                                 y - amulet of regeneration
HPRegen 1.08/turn                m - ring of poison resistance
MPRegen 0.11/turn                (no ring)

@: no status effects
A: no striking features
a: no special abilities


You were on level 4 of the Dungeon.
You visited 1 branch of the dungeon, and saw 4 of its levels.
You also visited: Sewer.

You collected 135 gold pieces.

Inventory:

Hand Weapons
 a - a +2 dagger of venom (weapon)
 j - a +2 dagger of venom
 r - a +0 war axe
 s - a +0 spear
 F - a +1 vampiric dagger
 J - a +0 trident
Missiles
 q - 27 stones (quivered)
 w - 6 poisoned darts
 B - a curare-tipped dart
 G - a boomerang of dispersal
Armour
 b - a +0 scale mail (worn)
 c - a +0 buckler (worn)
 u - a +0 pair of boots (worn)
Jewellery
 m - a ring of poison resistance (left hand)
 y - an amulet of regeneration (around neck)
Wands
 x - a wand of light (10)
 E - a wand of paralysis (8)
Scrolls
 e - 3 scrolls of noise
 i - 2 scrolls of summoning {unknown}
 o - a scroll of immolation
 p - 3 scrolls of identify
 t - 3 scrolls of fear
 v - 2 scrolls of blinking {unknown}
 z - a scroll of torment {unknown}
 A - a scroll of vulnerability {unknown}
 C - 2 scrolls of enchant weapon
 D - a scroll of poison {unknown}
 H - a scroll of silence {unknown}
 I - a scroll of teleportation
Potions
 d - a potion of might
 f - 3 potions of mutation
 g - 3 potions of heal wounds
 h - a potion of attraction
 k - a potion of resistance {unknown}
 l - a potion of haste {unknown}
 n - 3 potions of curing


   Skills:
 + Level 4.2 Fighting
 + Level 1.5 Short Blades
 + Level 4.3 Axes
 + Level 4.7 Armour
 + Level 1.8 Dodging
 + Level 4.0 Shields
 * Level 2.7 Invocations


You had 5 spell levels left.
You didn't know any spells.
Your spell library contained the following spells:

 Spells                   Type           Power      Damage    Failure   Level
 Apportation              Tloc           0%         N/A       80%         1
 Necrotise                Necr           0%         1d4       80%         1
 Summon Small Mammal      Summ           0%         N/A       80%         1
 Vampiric Draining        Necr           0%         2d6       99%         3
 Agony                    Necr           0%         N/A       100%        5
 Freezing Cloud           Conj/Ice/Air   0%         6-21      100%        5
 Simulacrum               Ice/Necr       0%         N/A       100%        6
 Polar Vortex             Ice            0%         N/A       100%        9


Dungeon Overview and Level Annotations

Branches:
Dungeon (4/15)              Sewer (visited)
 Temple: D:4-7

Altars:

Shops:
D:4 !


Message History

Found a trident.
i - 2 scrolls labelled AJAGHO IRGHIUD (gained 1)
Found a scroll of fear.
You see here a +0 trident.
J - a +0 trident An iguana and an ogre come into view.
The ogre shouts!
You see here a scroll of fear.
Found 10 gold pieces.
You see here a scroll of fear.
You hit the iguana but do no damage.
The iguana is poisoned.
The iguana closely misses you.
You hit the iguana.
The iguana looks as sick as possible!
The iguana is moderately wounded.
The iguana bites you.
You hit the iguana.
The iguana looks as sick as possible!
The iguana is heavily wounded.
The iguana bites you.
You closely miss the iguana.
The iguana is severely wounded.
You block the iguana's attack. The ogre hits you with a +0 giant club!
You closely miss the iguana.
The iguana is almost dead.
The iguana bites you. The ogre closely misses you.
You barely miss the iguana.
The iguana is almost dead.
You kill the iguana!
You hit the ogre.
The ogre is poisoned.
The ogre is lightly wounded.
The ogre hits you with a +0 giant club!!
You hit the ogre.
The ogre looks as sick as possible!
The ogre is lightly wounded.
The ogre hits you with a +0 giant club!!
* * * LOW HITPOINT WARNING * * *
You hit the ogre.
The ogre looks as sick as possible!
The ogre is moderately wounded.
You barely miss the ogre.
The ogre is heavily wounded.
The ogre hits you with a +0 giant club!
You die...

^...... # ....... #
....... # ####......$ #
#.......... # #.........
# #..###.### #.### #.?##
.# .... ## #.O@##.# ###
... ###....# #
#..###......## #
#...........## #
###.......$..#
#..........## ##
#...........# #.
..##...........# #.
..............#########.


You could see an ogre (extremely poisoned).

Vanquished Creatures
  A kobold brigand (Sewer)
  A scorpion (D:2)
  A jelly (D:4)
  2 iguanas (D:4)
  4 adders
  A river rat (Sewer)
  4 worms
  A dart slug (D:2)
  An orc (D:4)
  8 ball pythons
  7 bats
  6 endoplasms
  A giant cockroach (D:4)
  2 goblins
  2 hobgoblins
  6 jackals
  15 kobolds
  2 quokkas (D:1)
  A frilled lizard (D:1)
  4 rats
70 creatures vanquished.

Vanquished Creatures (others)
  2 withered plants (D:3)
2 creatures vanquished.

Grand Total: 72 creatures vanquished

Notes
Turn   | Place    | Note
-------+----------+-------------------------------------------
     0 | D:1      | jimonade the Hill Orc Fighter began the quest for the Orb.
     0 | D:1      | Reached XP level 1. HP: 19/19 MP: 1/1
   214 | D:1      | Reached XP level 2. HP: 27/27 MP: 2/2
   672 | D:1      | Reached XP level 3. HP: 30/33 MP: 3/3
   913 | D:2      | Reached skill level 1 in Invocations
  1012 | D:2      | Noticed a scorpion
  1019 | D:2      | Killed a scorpion
  1020 | D:2      | Reached XP level 4. HP: 35/40 MP: 3/5
  1351 | D:2      | Reached XP level 5. HP: 46/46 MP: 6/6
  1392 | D:2      | Found a faded altar of an unknown god.
  1588 | D:3      | Found a glowing drain.
  1613 | Sewer    | Entered a sewer
  1834 | Sewer    | Noticed a kobold brigand
  1848 | Sewer    | Killed a kobold brigand
  1849 | Sewer    | Reached skill level 1 in Short Blades
  1849 | Sewer    | Reached XP level 6. HP: 44/52 MP: 7/7
  1937 | D:3      | You fall into a shaft and drop 1 floor!
  1958 | D:4      | Reached skill level 1 in Dodging
  2104 | D:4      | Found Biohep's Distillery.
  2212 | D:4      | HP: 1/52 [ogre/+0 giant club (20)]
  2214 | D:4      | Mangled by an ogre

Illustrated notes

Levels and vault maps discovered:
D:1:      matt_arrival_spirals, layout_rooms, serial_glass, glass_columns_b,
          glass_columns_c, glass_columns_a, glass_columns_a, glass_columns_a,
          glass_columns_b, dreamdust_princess_bridge, minmay_box_of_dots
D:2:      layout_loops_ring, basic_ecumenical_altar
D:3:      layout_basic, kiku_gazebo_garden_becter,
          gammafunk_temple_overflow_wave, serial_shops, shop,
          cheibrodos_sewer_entry_bend, minmay_misc_feat_five
D:4:      cheibrodos_quashed, layout_rooms, serial_shops, nicolae_shop_crystal,
          st_stairs_1, hex_medium

Skill      XL: |  1  2  3  4  5  6 |
---------------+-------------------+-----
Axes           | 3 4 |  4.3
Invocations    | 1 2 |  2.7
Fighting       | 4 |  4.2
Armour         | 4 |  4.7
Short Blades   | 1 |  1.5
Dodging        | 1 |  1.8
Shields        | 4 |  4.0

Action                     |  1- 3 |  4- 6 || total
---------------------------+-------+-------++-------
  Melee: War axe           |    64 |       ||    64
         Dagger            |    22 |   154 ||   176
    Use: Scroll            |       |    10 ||    10
 Armour: Scale mail        |    44 |    41 ||    85
  Dodge: Dodged            |    43 |    64 ||   107
  Block: Buckler           |    10 |    19 ||    29

Table legend: (Time is in decaauts)
 A = Elapsed time spent in this place.
 B = Non-inter-level travel time spent in this place.
 C = Inter-level travel time spent in this place.
 D = Time resting spent in this place.
 E = Time spent auto-exploring this place.
 F = Levels seen in this place.
 G = Mean time per level.
                   A        B        C        D        E       F      G
               +--------+--------+--------+--------+--------+-----+--------+
         Total |   2294 |   2237 |     57 |      0 |   1297 |   5 |  458.8 |
       Dungeon |   1967 |   1910 |     57 |      0 |   1235 |   4 |  491.8 |
         Sewer |    327 |    327 |      0 |      0 |     62 |   1 |  327.0 |
               +--------+--------+--------+--------+--------+-----+--------+

Top non-repeatable levels by time:
     D:1: 845 daAuts
     D:2: 748 daAuts
   Sewer: 327 daAuts
     D:4: 275 daAuts
     D:3: 98 daAuts
